[Event "Live Chess"]
[Site "Chess.com"]
[Date "2023.05.20"]
[Round "-"]
[White "Vedant-1411"]
[Black "LodeshChess"]
[Result "0-1"]
[WhiteElo "778"]
[BlackElo "874"]
[TimeControl "300"]
[EndTime "9:13:09 PDT"]
[Termination "LodeshChess won by checkmate"]

1. d4 Nf6 2. Nf3 c5 3. dxc5 Na6 4. Nc3 e6 5. Bf4 Bxc5 6. Nb5 O-O 7. Nc7 Nxc7 8. Bxc7 Qxc7 9. e3 d5 10. Bd3 Qa5+ 11.
c3 a6 12. b4 Qc7 13. bxc5 Qxc5 14. Qc1 e5 15. O-O e4 16. Be2 exf3 17. Bxf3 Bg4 18. Bxg4 Nxg4 19. Qd1 Qd6 20. Qxg4 b5 21. Qh3 Rac8 22. Qf3 Rxc3 23. Rac1 Rfc8 24. Rxc3 Rxc3 25. Qh3 Qc7 26. Qg4 Rc1 27. Qe2 Rxf1+ 28. Qxf1 Qc2 29. Qa1 Kf8 30. a3 a5 31. h3 Ke7 32. Qxg7 Qc1+ 33.
Kh2 Qxa3 34. Qxh7 Qd6+ 35. Kg1 a4 36. Qb1 Qc5 37. Qb2 b4 38. h4 a3 39. Qb3 Qc4 40. Qa4 a2 41. Qa7+ Kf6 42. h5 Qc1+ 43. Kh2 a1=Q 44. Qxa1+ Qxa1 45. h6 Kg6 46. h7 Kxh7 47. g4 Qb2 48. g5 Qxf2+ 49. Kh3 Qg1 50. Kh4 Kg6 51. e4 dxe4 52. Kh3 Kf5 53. g6 fxg6 54.
Kh4 Qg4# 0-1

[Event "Live Chess"]
[Site "Chess.com"]
[Date "2023.05.20"]
[Round "-"]
[White "omisoc"]
[Black "OSmith06"]
[Result "0-1"]
[WhiteElo "2087"]
[BlackElo "1733"]
[TimeControl "300"]
[EndTime "9:13:12 PDT"]
[Termination "OSmith06 won by resignation"]

1. b3 Nf6 2. Bb2 e6 3. e3 d5 4. Nf3 c5 5. c4 Nc6 6. Nc3 Be7 7.
g3 O-O 8. Bg2 a6 9. O-O dxc4 10.
bxc4 Bd7 11. Qe2 Bd6 12. Rad1 Qc7 13. Ng5 h6 14. Nge4 Nxe4 15. Nxe4 Be5 16. Bxe5 Qxe5 17. f4 Qc7 18. Nxc5 Rfd8 19. Rb1 b6 20. Nxd7 Rxd7 21. d4 Rad8 22. Rfc1 Ne7 23. c5 b5 24.
a4 bxa4 25. Rb6 Nd5 26. Bxd5 exd5 27. Qxa6 Re7 28. Kf2 Rde8 29. Rc3 Qd7 30. Qf1 Kh7 31.
Rd6 Qa7 32. Rxd5 a3 33. Qa1 a2 34. Rc2 Rxe3 35. Qxa2 Qb7 36. Re5 Qf3+ 37. Kg1 Re1+ 0-1

[Event "Live Chess"]
[Site "Chess.com"]
[Date "2023.05.20"]
[Round "-"]
[White "MaximKris"]
[Black "Fazer180"]
[Result "1-0"]
[WhiteElo "1794"]
[BlackElo "1731"]
[TimeControl "300"]
[EndTime "9:13:19 PDT"]
[Termination "MaximKris won on time"]

1. e4 e6 2. d4 d5 3. exd5 exd5 4. Nf3 Nf6 5. Bd3 Be6 6. O-O Bd6 7. Re1 O-O 8. Bg5 h6 9. Bh4 Nc6 10. Ne5 Be7 11.
Nxc6 bxc6 12. Nc3 Rb8 13. b3 Bb4 14. Qd2 c5 15. a3 Bxc3 16. Qxc3 g5 17. Bg3 Rb7 18.
Qxc5 Nd7 19. Qc3 Qf6 20. Be5 Nxe5 21. Rxe5 Rc8 22. Rae1 c5 23. R1e3 cxd4 24. Qxd4 Rbc7 25. Rxd5 Qe7 26. Rde5 Qxa3 27. h3 Qc1+ 28. Kh2 Rd7 29. Qe4 f5 30. Qf3 f4 31. Re2 Bf7 32.
Bf5 Rcd8 33. Bxd7 Rxd7 34. Qa8+ Kg7 35. Re7 Rxe7 36. Rxe7 Qxc2 37. Qe4 Qxe4 38. Rxe4 Bxb3 39. Re7+ Kf6 40. Rxa7 Bd5 41. g3 fxg3+ 42. fxg3 h5 43. Ra6+ Kf5 44. Ra5 Ke4 45. Ra4+ Kf3 46. Ra3+ Ke4 47.
Ra1 Kf3 48. Rf1+ Ke4 49. Rf8 Ke3 50. Rf5 Bf3 51. Rxg5 h4 52. gxh4 Kf4 53. Rg3 Bh5 54. Rg5 Be2 55. Rg8 Kf5 56. Rf8+ Kg6 57. Kg3 Kg7 58. Re8 Bh5 59. Re3 Kg6 60. Rf3 Bxf3 61. Kxf3 Kh5 62. Kg3 Kh6 63. Kg4 1-0

[Event "Live Chess"]
[Site "Chess.com"]
[Date "2023.05.20"]
[Round "-"]
[White "alexlines8"]
[Black "killershark69420"]
[Result "1-0"]
[WhiteElo "1270"]
[BlackElo "315"]
[TimeControl "300"]
[EndTime "9:13:19 PDT"]
[Termination "alexlines8 won by checkmate"]

1. e4 e5 2. Nc3 Nc6 3. Bc4 Nf6 4. d3 d6 5. Nf3 Bg4 6. h3 Bxf3 7. Qxf3 Nd4 8. Qd1 c6 9. Be3 d5 10. exd5 cxd5 11. Bb3 Bb4 12. a3 Bxc3+ 13. bxc3 Nxb3 14. cxb3 e4 15. d4 Qa5 16. Qc2 Rc8 17. Bd2 O-O 18. O-O Rc7 19. c4 dxc4 20. Bxa5 cxb3 21. Qxc7 b2 22.
Rab1 Re8 23. Qxb7 e3 24. fxe3 Rxe3 25. Rxb2 Rxa3 26. Qb8+ Ne8 27. Qxe8# 1-0

[Event "Live Chess"]
[Site "Chess.com"]
[Date "2023.05.20"]
[Round "-"]
[White "CheckThis4"]
[Black "WelshTiger"]
[Result "1-0"]
[WhiteElo "2535"]
[BlackElo "2468"]
[TimeControl "300"]
[EndTime "9:13:24 PDT"]
[Termination "CheckThis4 won by resignation"]

1. Nf3 c5 2. e4 d6 3. d4 cxd4 4. Nxd4 Nf6 5. Nc3 Nc6 6. Bg5 Bd7 7. Qd2 Rc8 8. f3 Nxd4 9. Qxd4 Qa5 10. Qd2 e6 11. h4 Be7 12. O-O-O b5 13. Kb1 b4 14.
Ne2 O-O 15. Nd4 Rc7 16. Bd3 Rfc8 17. Nb3 Qb6 18. Be3 Qb8 19. g4 Bb5 20. Rc1 Nd7 21.
h5 Ne5 22. Bxb5 Qxb5 23. Nd4 Qb7 24. b3 a5 25. g5 d5 26. g6 dxe4 27. gxf7+ Nxf7 28. Nxe6 Rc3 29. Bd4 Qd5 30. Nxg7 exf3 31. Rhg1 Bg5 32.
Ne6 Qxe6 33. Rxg5+ Nxg5 34. Qxg5+ Kf8 35. Qg7+ Ke8 36.
Qh8+ Kd7 37. Qxh7+ Kc6 38. Qa7 Kd5 39. Bxc3 bxc3 40. Rd1+ Ke5 41. Re1+ Kf5 42. Rxe6 Kxe6 43. Qe3+ Kd5 44. Qxf3+ Kc5 45. Qf5+ Kb4 46. Qxc8 a4 47.
Qc4+ Ka5 48. Qxc3+ Kb6 49. Qb4+ 1-0

[Event "Live Chess"]
[Site "Chess.com"]
[Date "2023.05.20"]
[Round "-"]
[White "HD_IN4k"]
[Black "ReeceHockton"]
[Result "0-1"]
[WhiteElo "299"]
[BlackElo "328"]
[TimeControl "300"]
[EndTime "9:13:29 PDT"]
[Termination "ReeceHockton won by resignation"]

1. d4 d5 2. c4 Nf6 3. Nf3 g6 4.
cxd5 Nxd5 5. e4 Nb6 6. Nc3 e6 7.
e5 Bg7 8. Bf4 c6 9. Bg5 Qd7 10.
b3 Nd5 11. Nxd5 cxd5 12. a4 b6 13. Bb5 Nc6 14. Rc1 Bb7 15. O-O O-O 16. Ne1 Rac8 17. Nd3 a6 18. Bxc6 Bxc6 19. Nb4 a5 20. Nxc6 Rxc6 21.
Rxc6 Qxc6 22. Be7 Re8 23. Bg5 Qc7 24. Bc1 f6 25. Re1 fxe5 26. dxe5 Bxe5 27. g3 h5 28. f4 Bf6 29. f5 Kf8 30. Bf4 Qd7 31. fxg6 e5 32. Bh6+ Bg7 33. Bxg7+ Kxg7 34. Qxh5 Rh8 35.
Qxe5+ Kg8 36. g7 Qxg7 37. Qxg7+ Kxg7 38. Re7+ Kf6 39. Rb7 Rd8 40. Rxb6+ Ke5 41. b4 d4 42. bxa5 d3 43. Rb5+ Ke4 44. Rb4+ Ke3 45. Kf1 Rd4 46.
Rxd4 Kxd4 47. a6 d2 48. a7 d1=Q+ 49. Kg2 Qxa4 50. a8=Q Qxa8+ 51. Kh3 Qe4 52. g4 Ke3 53. Kh4 Qf4 54. h3 Kf3 55. Kh5 Qg3 56. h4 Qxg4+ 57. Kh6 Qxh4+ 0-1

[Event "Live Chess"]
[Site "Chess.com"]
[Date "2023.05.20"]
[Round "-"]
[White "Inglaterra"]
[Black "SimpleHarmonic1"]
[Result "1-0"]
[WhiteElo "2083"]
[BlackElo "2067"]
[TimeControl "300"]
[EndTime "9:13:33 PDT"]
[Termination "Inglaterra won by resignation"]

1. e4 d6 2. d4 Nf6 3. Nc3 g6 4. f4 Bg7 5. Nf3 c5 6. d5 O-O 7. Bd3 b5 8. O-O c4 9. Be2 b4 10. Nb5 Nxe4 11. Bxc4 Nd7 12. Rb1 a6 13. Nbd4 Bb7 14.
Qe2 Ndc5 15. Be3 Nf6 16. Kh1 Bxd5 17. f5 Bxc4 18. Qxc4 Ng4 19. Bg1 Rc8 20. Qxb4 Ne5 21. Qd2 Ne4 22. Qe3 d5 23. Nxe5 Bxe5 24. c3 g5 25. Nf3 Bf4 26. Qd4 f6 27. Be3 Qe8 28. Bxf4 gxf4 29. Qxd5+ Kh8 30. Qxe4 1-0

[Event "Live Chess"]
[Site "Chess.com"]
[Date "2023.05.20"]
[Round "-"]
[White "AwesomeFredster"]
[Black "onemoretime1975"]
[Result "0-1"]
[WhiteElo "1638"]
[BlackElo "1982"]
[TimeControl "300"]
[EndTime "9:13:35 PDT"]
[Termination "onemoretime1975 won by checkmate"]

1. e4 e6 2. d4 d5 3. e5 c5 4. c3 Nc6 5. Nf3 Bd7 6. Nbd2 Qb6 7. b3 cxd4 8. cxd4 Nxd4 9. Nxd4 Qxd4 10. Rb1 Bb4 11. Be2 Qxe5 12. O-O Nf6 13. Nf3 Qd6 14. Qc2 Rc8 15. Qd3 a6 16. Be3 Bb5 17. Qd1 Bxe2 18.
Qxe2 O-O 19. Qd3 Bc5 20. Ng5 h6 21. Bxc5 Rxc5 22. Nf3 Rfc8 23. Rb2 Rc3 24. Qd4 b5 25. Ne5 R3c7 26. Ra1 Nd7 27. Nxd7 Rc1+ 28. Rxc1 Rxc1+ 29. Qd1 Rxd1# 0-1

[Event "Live Chess"]
[Site "Chess.com"]
[Date "2023.05.20"]
[Round "-"]
[White "yeetpizza74"]
[Black "tomdot"]
[Result "1-0"]
[WhiteElo "447"]
[BlackElo "228"]
[TimeControl "300"]
[EndTime "9:13:37 PDT"]
[Termination "yeetpizza74 won by resignation"]

1. e4 e5 2. Nf3 Nc6 3. Bc4 Nf6 4.
Ng5 h6 5. Nxf7 Qe7 6. Nxh8 Nxe4 7. f3 d5 8. Bxd5 Nf6 9. Bxc6+ bxc6 10. O-O Bf5 11.
c3 Nd5 12. Re1 Qd7 13. d4 Bd6 14. dxe5 O-O-O 15. Nd2 Bxe5 16. Rxe5 Rg8 17. Nb3 Rxh8 18. Na5 Qd6 19. Rxf5 Qc5+ 20. Be3 Qxa5 21. c4 Nxe3 22. Qe1 Qxf5 23. Qxe3 Qd7 24. Qxa7 Qd2 25. Qa8+ Kd7 26. Qxh8 Qc2 27. Qxg7+ Kd6 28. Qxh6+ Kc5 29. Qg5+ Kxc4 30. Rc1 Qxc1+ 31. Qxc1+ Kb5 32. a4+ Kxa4 33. Qxc6+ Kb3 34.
Qxc7 Kxb2 35. f4 Ka1 36. Qb8 Ka2 37. Qb7 Ka1 38. f5 Ka2 39. f6 Ka1 40. f7 Ka2 41. f8=Q 1-0

[Event "Live Chess"]
[Site "Chess.com"]
[Date "2023.05.20"]
[Round "-"]
[White "TDCMF"]
[Black "Bot_Boy"]
[Result "0-1"]
[WhiteElo "340"]
[BlackElo "333"]
[TimeControl "300"]
[EndTime "9:13:37 PDT"]
[Termination "Bot_Boy won by checkmate"]

1. e4 Nc6 2. Nc3 d6 3. Nf3 e5 4. d4 Bg4 5. d5 Bxf3 6. Qxf3 Nd4 7. Qd3 Nf6 8. Bg5 Be7 9. Qc4 Nxc2+ 10. Kd2 Nxa1 11. Be2 h5 12. Rxa1 Ng4 13. h4 Bxg5+ 14. hxg5 Qxg5+ 15. f4 Qxf4+ 16. Kc2 Ne3+ 17. Kd3 Nxc4 18.
Kxc4 g6 19. Na4 Qxe4+ 20. Kb3 Qxe2 21. Rc1 Kd7 22. Kc3 b5 23. Rc2 Qc4+ 24. Kd2 Qxd5+ 25.
Kc3 Rab8 26. Rd2 b4+ 27. Kc2 Qxa2 28. Nc3 b3+ 29. Kd3 Qa6+ 30. Ke3 Rb4 31. Rd5 Qb6+ 32.
Kd3 Rd4+ 33. Rxd4 Qxd4+ 34. Ke2 Re8 35. Nb5 Qxb2+ 36. Kd3 Qc2+ 37. Ke3 e4 38. Nd4 Qd3+ 39. Kf4 Qxd4 40. Kg3 e3 41. Kf3 e2 42. Kg3 e1=Q+ 43. Kf3 Re3# 0-1

[Event "Live Chess"]
[Site "Chess.com"]
[Date "2023.05.20"]
[Round "-"]
[White "Alan_Richardson"]
[Black "MarkLim1"]
[Result "1-0"]
[WhiteElo "1714"]
[BlackElo "1626"]
[TimeControl "300"]
[EndTime "9:13:39 PDT"]
[Termination "Alan_Richardson won by checkmate"]

1. d4 Nf6 2. Bf4 c5 3. d5 b5 4. c4 bxc4 5. Nc3 d6 6. e4 g6 7. Bxc4 Bg7 8. Nf3 O-O 9. O-O Ba6 10. Qe2 Bxc4 11. Qxc4 Qb6 12. Rab1 Na6 13. Rfe1 Rab8 14. b3 Rb7 15. e5 Nh5 16. exd6 exd6 17. Na4 Qc7 18.
Bg5 Nb4 19. Re2 Qa5 20. Rbe1 h6 21. Be7 Re8 22. Bxd6 Rxe2 23. Rxe2 Qd8 24. Bxc5 Qxd5 25. Qxd5 Nxd5 26. h3 Nhf4 27. Rd2 a5 28. g3 Nxh3+ 29. Kh2 Ng5 30. Nxg5 hxg5 31. Rxd5 g4 32. Bd4 Bxd4 33.
Rxd4 Rc7 34. Rc4 Re7 35. Rc2 Kg7 36. Kg2 Kf6 37. Rc5 Ra7 38. Nc3 Rd7 39. Rxa5 Rd2 40. b4 Rc2 41. Ne4+ Kg7 42. b5 f5 43. Nd6 Rd2 44.
Ra6 Rb2 45. a4 Ra2 46. b6 Rb2 47. b7 Rb4 48. a5 Rb2 49. Rb6 Ra2 50. b8=Q Rxa5 51.
Qc7+ Kh6 52. Ne4 fxe4 53. Qf7 Rg5 54. Qf8+ Kh7 55. Rb7# 1-0

[Event "Live Chess"]
[Site "Chess.com"]
[Date "2023.05.20"]
[Round "-"]
[White "ranvir123"]
[Black "Doge_Dandolo"]
[Result "0-1"]
[WhiteElo "838"]
[BlackElo "2058"]
[TimeControl "300"]
[EndTime "9:13:43 PDT"]
[Termination "Doge_Dandolo won by resignation"]

1. e4 c6 2. d4 d5 3. e5 Bf5 4.
Nf3 e6 5. Nc3 Nd7 6. Bd3 Bxd3 7.
Qxd3 f6 8. O-O Be7 9. Re1 f5 10. Bf4 g5 11. Be3 Nh6 12. h3 Rg8 13. a4 Bf8 14.
Nxg5 Rxg5 15. Bxg5 Qxg5 16. Qg3 Qe7 17. f4 O-O-O 18. a5 Bg7 19. a6 b6 20. Na4 Rg8 21. Qb3 Bf8 22. c4 Qg7 23. Re2 Be7 24. c5 b5 25. Nc3 Bd8 26. Nxb5 cxb5 27. Qxb5 Nb8 28. c6 Qc7 29. Rc2 Rg7 30. Ra3 Qb6 31. Qxb6 Bxb6 32. Rb3 Nxa6 33. Ra3 Nb4 34. Rcc3 Bxd4+ 0-1

[Event "Live Chess"]
[Site "Chess.com"]
[Date "2023.05.20"]
[Round "-"]
[White "siddu198"]
[Black "Ed_Knox"]
[Result "1-0"]
[WhiteElo "1562"]
[BlackElo "1509"]
[TimeControl "300"]
[EndTime "9:13:45 PDT"]
[Termination "siddu198 won by checkmate"]

1. e4 d5 2. exd5 Qxd5 3. Nc3 Qd8 4. d4 c6 5. Bf4 Bf5 6. Nf3 e6 7. Bd3 Bg6 8. Bxg6 hxg6 9. Qd2 Nf6 10. a3 Nbd7 11.
O-O-O Be7 12. Ne5 Nd5 13. Nxd5 cxd5 14. g3 O-O 15. h4 Nxe5 16. dxe5 Qb6 17. h5 gxh5 18.
Rxh5 g6 19. Rh6 Qa6 20. Rdh1 g5 21. Rh8+ Kg7 22. R1h7+ Kg6 23. Rh6+ Kg7 24. Bxg5 Rxh8 25. Bf6+ Bxf6 26. exf6+ Kg8 27. Qg5+ Kf8 28. Rxh8# 1-0

[Event "Live Chess"]
[Site "Chess.com"]
[Date "2023.05.20"]
[Round "-"]
[White "Daniel_Gliddon_FA"]
[Black "Pandreq"]
[Result "0-1"]
[WhiteElo "1110"]
[BlackElo "1258"]
[TimeControl "300"]
[EndTime "9:13:46 PDT"]
[Termination "Pandreq won on time"]

1. e4 Nf6 2. e5 Nd5 3. c4 Nb6 4. d4 d6 5. Nf3 Bg4 6. Be2 Nc6 7. h3 Bxf3 8. Bxf3 dxe5 9. d5 Nd4 10. Be4 Nxc4 11.
Qa4+ b5 12. Qd1 e6 13. dxe6 Nxe6 14. Bxa8 Qxd1+ 15. Kxd1 Bc5 16. Bc6+ Ke7 17. Nc3 b4 18. Nd5+ Kd6 19. Bb7 Rb8 20. f4 Rxb7 21. fxe5+ Kxd5 22.
Ke2 Nd4+ 23. Kd3 Nxe5+ 24. Kd2 b3 25. a3 Nc2 26. Rb1 Be3+ 27. Kd1 Bxc1 28. Kxc1 Nd3+ 29. Kd2 Kc4 30. Rhf1 c6 31. Rf3 Rd7 32. Ke2 Nd4+ 33. Ke3 Nxf3 34. Kxf3 Ne5+ 35. Ke4 f6 36. Rc1+ Kb5 37.
a4+ Kxa4 0-1

[Event "Live Chess"]
[Site "Chess.com"]
[Date "2023.05.20"]
[Round "-"]
[White "Albul"]
[Black "GMHarry-youtube"]
[Result "1-0"]
[WhiteElo "2210"]
[BlackElo "2203"]
[TimeControl "300"]
[EndTime "9:13:48 PDT"]
[Termination "Albul won by resignation"]

1. e4 c5 2. Nc3 d6 3. d3 Nf6 4. g3 g6 5. Bg2 Bg7 6. Be3 O-O 7.
Qd2 Nc6 8. Bh6 e5 9. h4 Nh5 10. Nge2 Nd4 11. O-O-O b5 12. Bxg7 Kxg7 13. Rdf1 b4 14.
Nd5 f5 15. Nxd4 exd4 16. exf5 Bxf5 17. Nf4 Nxf4 18. Bxa8 Nxd3+ 19. cxd3 Qxa8 20. Re1 Re8 21. Rxe8 Qxe8 22. Re1 Qf7 23. b3 a5 24. Qe2 Kf6 25.
g4 Be6 26. Qf3+ Kg7 27. Qxf7+ Kxf7 28. g5 Bf5 29. Kd2 Be6 30. Re4 Bf5 31. Re1 Be6 32.
Kc2 Bf5 33. Ra1 Bd7 34. a3 Ke7 35. axb4 axb4 36. Ra8 Be8 37. Kd2 Kf7 38. Ra7+ Kg8 39. Re7 Bf7 40. Kc2 d5 41. Rc7 c4 42. dxc4 dxc4 43.
bxc4 Kf8 44. Kd3 Be6 45. Kxd4 b3 46. Rb7 b2 47. Rxb2 Ke7 48. Rb7+ Bd7 49. Ke5 Ke8 50.
c5 Bc6 51. Rxh7 Kf8 52. Kd6 Be4 53. c6 Kg8 54. Re7 Kf8 55. Rxe4 Kg8 56. c7 Kh7 57.
Re7+ Kg8 1-0

[Event "Live Chess"]
[Site "Chess.com"]
[Date "2023.05.20"]
[Round "-"]
[White "domrobson"]
[Black "IanCalvert2"]
[Result "1-0"]
[WhiteElo "1728"]
[BlackElo "1612"]
[TimeControl "300"]
[EndTime "9:13:49 PDT"]
[Termination "domrobson won by resignation"]

1. d4 d5 2. c4 c6 3. Nf3 Nf6 4. Nc3 dxc4 5. e3 b5 6. a4 b4 7. Na2 a5 8. Bxc4 Ba6 9. Qb3 Bxc4 10. Qxc4 Qd5 11. Qxd5 cxd5 12. O-O e6 13. Bd2 Bd6 14.
Rac1 O-O 15. b3 Ne4 16. Rc2 Nd7 17. Rfc1 Ndf6 18. Rc6 Rfd8 19. Be1 Kf8 20. Kf1 Ke7 21. Ke2 Kd7 22. Ne5+ Bxe5 23. dxe5 Ne8 24. f3 Nc3+ 25. Bxc3 bxc3 26. R1xc3 Rdb8 27. f4 Rb7 28. Nc1 Nc7 29. Nd3 Na6 30. Rxa6 Rxa6 31. Nc5+ 1-0

[Event "Live Chess"]
[Site "Chess.com"]
[Date "2023.05.20"]
[Round "-"]
[White "PaulyD81"]
[Black "hello505050"]
[Result "0-1"]
[WhiteElo "1062"]
[BlackElo "1085"]
[TimeControl "300"]
[EndTime "9:13:52 PDT"]
[Termination "hello505050 won on time"]

1. d4 d5 2. c4 dxc4 3. Nf3 Nc6 4. e3 Nf6 5. Nc3 Bg4 6. Bxc4 e6 7. O-O Bd6 8. Qb3 O-O 9. Qxb7 Qd7 10. Bb5 a6 11.
Qxc6 Qxc6 12. Bxc6 Rab8 13. Ba4 Bxf3 14. gxf3 e5 15.
dxe5 Bxe5 16. f4 Bd6 17. Bc6 Rb6 18. Bf3 Rc8 19. b3 c5 20. Bb2 g6 21. Na4 Rb4 22.
Bxf6 c4 23. Rfc1 Rd8 24. Rxc4 Rxc4 25. bxc4 Rb8 26. Be5 Bxe5 27. fxe5 Rb4 28. Nc5 Rxc4 29. Nxa6 Ra4 30. Nc5 Ra5 31. Nd7 Ra7 32. Nf6+ Kh8 33. Bd5 Ra5 34. Bb3 Rxe5 35. Rc1 Kg7 36. Nd5 Rg5+ 37.
Kf1 Rh5 38. Nf4 Rxh2 39. Rc7 Kh6 40. Rxf7 Rh1+ 41. Ke2 Rc1 42. Re7 g5 43. Re6+ Kg7 44.
Nh5+ Kf8 45. Rh6 Rc7 0-1

[Event "Live Chess"]
[Site "Chess.com"]
[Date "2023.05.20"]
[Round "-"]
[White "grillage"]
[Black "toxic_rabbit"]
[Result "0-1"]
[WhiteElo "1827"]
[BlackElo "1997"]
[TimeControl "300"]
[EndTime "9:13:52 PDT"]
[Termination "toxic_rabbit won by checkmate"]

1. d4 d5 2. Nf3 e6 3. c4 Nf6 4. cxd5 exd5 5. Nc3 c6 6. Qc2 Bd6 7. Bg5 O-O 8. e3 Bg4 9. Bd3 Nbd7 10. O-O Qb8 11. h3 Bxf3 12. gxf3 h6 13. Bh4 g5 14.
Bg3 Bxg3 15. fxg3 Qxg3+ 16. Qg2 Qxg2+ 17. Kxg2 Rfe8 18. Rae1 Re7 19. Kf2 Rae8 20. e4 dxe4 21. fxe4 Nh5 22. e5 Nf4 23. Bf5 Nb6 24. Ne4 Nd3+ 25.
Kg2 Nxe1+ 26. Rxe1 Nd5 27. Nd6 Rd8 28. Ne4 Nf4+ 29.
Kh2 Rxd4 30. Nf6+ Kg7 31. Ng4 Rd2+ 32. Kh1 Nxh3 33. Nf6 Nf4 34. Re3 Kf8 35. Ra3 Rxe5 36. Rxa7 Re1# 0-1

[Event "Live Chess"]
[Site "Chess.com"]
[Date "2023.05.20"]
[Round "-"]
[White "SirEntrails"]
[Black "friarnator"]
[Result "0-1"]
[WhiteElo "504"]
[BlackElo "2021"]
[TimeControl "300"]
[EndTime "9:13:55 PDT"]
[Termination "friarnator won by resignation"]

1. e4 Nf6 2. Nc3 d5 3. exd5 Nxd5 4. Nxd5 Qxd5 5. Nf3 c6 6. d3 Bg4 7. Be2 e6 8. c3 Be7 9. Nd4 Qxg2 10. Rf1 Bh3 11. Kd2 O-O 12. Rg1 Qxf2 13. Kc2 c5 14. Nb5 Nc6 15.
Bh6 Bf6 16. Rc1 Kh8 17. Kb1 gxh6 18. Bh5 Bg5 19. d4 Bxc1 20. Qxc1 cxd4 21. Rf1 Bxf1 22. cxd4 Bxb5 0-1

[Event "Live Chess"]
[Site "Chess.com"]
[Date "2023.05.20"]
[Round "-"]
[White "nigelst"]
[Black "hturner40"]
[Result "0-1"]
[WhiteElo "1847"]
[BlackElo "1872"]
[TimeControl "300"]
[EndTime "9:14:01 PDT"]
[Termination "hturner40 won by checkmate"]

1. e4 Nc6 2. Nf3 e5 3. Bb5 f5 4. O-O fxe4 5. Bxc6 dxc6 6. Nxe5 Nf6 7. d4 Bd6 8. Bf4 O-O 9. Bg3 Bf5 10. Qe2 Qe7 11. c3 Rae8 12. Nd2 Nd7 13. Nxd7 Qxd7 14. Bxd6 cxd6 15.
Nc4 Be6 16. Ne3 d5 17. Rac1 b5 18. a3 Rf4 19. b3 Bg4 20. Qd2 Re6 21. Nxd5 Rf3 22.
Ne3 Rg6 23. Nxg4 Qxg4 24. g3 Rh6 25. Rfd1 Qh3 26. d5 Qxh2+ 27. Kf1 e3 28. Qe2 Rxf2+ 29.
Qxf2 Qxf2# 0-1

[Event "Live Chess"]
[Site "Chess.com"]
[Date "2023.05.20"]
[Round "-"]
[White "wot-not"]
[Black "KING_BOBBB"]
[Result "1-0"]
[WhiteElo "1452"]
[BlackElo "521"]
[TimeControl "300"]
[EndTime "9:14:06 PDT"]
[Termination "wot-not won by resignation"]

1. e4 d5 2. e5 f6 3. f4 g5 4. Nf3 gxf4 5. d4 Nc6 6. Bxf4 Bg4 7.
c3 fxe5 8. Bxe5 Bxf3 9. Qxf3 Nxe5 10. dxe5 d4 11. Bc4 Nh6 12. O-O dxc3 13. Nxc3 Qd4+ 14.
Kh1 Qxc4 15. Rad1 Rd8 16. Qh5+ Nf7 17. Rxd8+ Kxd8 18. Qxf7 Rg8 19. Qxc4 b5 20. Qxg8 1-0

[Event "Live Chess"]
[Site "Chess.com"]
[Date "2023.05.20"]
[Round "-"]
[White "lightningorderyt"]
[Black "JormaIbo"]
[Result "1-0"]
[WhiteElo "487"]
[BlackElo "428"]
[TimeControl "300"]
[EndTime "9:14:08 PDT"]
[Termination "lightningorderyt won on time"]

1. d4 d5 2. c4 e6 3. Nc3 Nf6 4.
Nf3 Bb4 5. Bd2 O-O 6. a3 Be7 7.
g3 c5 8. e3 cxd4 9. exd4 Nc6 10.
Be2 Ne4 11. Be3 Nxc3 12. bxc3 Qa5 13. cxd5 exd5 14. Bd2 Bh3 15. c4 Qd8 16. Ng1 Bg2 17.
Bf3 Bxh1 18. Bxh1 dxc4 19. Be3 Re8 20. Bxc6 bxc6 21. Nf3 h6 22. Qa4 Bf6 23. Qxc4 Rc8 24. O-O-O Bg5 25. Bxg5 hxg5 26. Ne5 Qf6 27. Nd7 Qxf2 28.
Qc2 1-0

[Event "Live Chess"]
[Site "Chess.com"]
[Date "2023.05.20"]
[Round "-"]
[White "Nico14021974"]
[Black "peter-785"]
[Result "0-1"]
[WhiteElo "994"]
[BlackElo "1151"]
[TimeControl "300"]
[EndTime "9:14:12 PDT"]
[Termination "peter-785 won by checkmate"]

1. e4 c5 2. c4 d6 3. d3 e6 4. Nc3 Nf6 5. Nf3 Be7 6. Bf4 O-O 7. Be2 Nbd7 8. g3 b6 9. a3 Bb7 10. b4 cxb4 11. axb4 a6 12. b5 Qc7 13. d4 Rfd8 14. Qd2 Nf8 15. Rc1 Ng6 16. Be3 Nxe4 17.
Nxe4 Bxe4 18. Rg1 Rac8 19. Rc3 axb5 20. cxb5 Qb7 21. Rxc8 Rxc8 22. h4 Bxf3 23. Bxf3 Qxf3 24. Bf4 Nxf4 25. gxf4 f5 26. Rg3 Qe4+ 27. Kf1 Qh1+ 28. Ke2 Bxh4 29. Rf3 Qc1 30. Qxc1 Rxc1 31. Kd2 Rc8 32.
Rh3 Bf6 33. f3 h6 34. Ke1 Bxd4 35. Kd2 Bf6 36. Ke1 Rc5 37. Rh2 Rxb5 38. Rc2 Rc5 39. Rd2 d5 40. Ke2 Kf7 41. Ra2 b5 42. Kd2 b4 43.
Ra1 Bxa1 44. Ke3 b3 45. Kd2 b2 46. Ke2 b1=Q 47. Ke3 Qb3+ 48. Kf2 Rc2+ 49. Kg3 Qb1 50. Kh3 Qf1+ 51. Kh4 Rh2+ 52. Kg3 Qg2# 0-1

[Event "Live Chess"]
[Site "Chess.com"]
[Date "2023.05.20"]
[Round "-"]
[White "Jio85"]
[Black "YrrriKharkiv"]
[Result "0-1"]
[WhiteElo "2033"]
[BlackElo "2142"]
[TimeControl "300"]
[EndTime "9:14:12 PDT"]
[Termination "YrrriKharkiv won by resignation"]

1. e4 e6 2. d4 d5 3. e5 c5 4. c3 Qa5 5. Nf3 cxd4 6. Nxd4 Nc6 7. Nxc6 bxc6 8. Qd3 Ne7 9. Nd2 Qc7 10. Nb3 Qxe5+ 11.
Qe3 Qxe3+ 0-1

[Event "Live Chess"]
[Site "Chess.com"]
[Date "2023.05.20"]
[Round "-"]
[White "ChunTang"]
[Black "AyannaTang"]
[Result "0-1"]
[WhiteElo "105"]
[BlackElo "179"]
[TimeControl "300"]
[EndTime "9:14:14 PDT"]
[Termination "AyannaTang won on time"]

1. e4 e5 2. Bc4 d5 3. Bxd5 Be6 4. Nc3 Bxd5 5. exd5 c6 6. Nf3 cxd5 7. Nxd5 Qxd5 8. d4 exd4 9. Nxd4 Nc6 10. c3 Nxd4 11. cxd4 Bb4+ 12. Ke2 Nf6 13. a3 Bd6 14. Bg5 Qxg5 15. Re1 O-O 16. Kf1 Rfe8 17. b4 Ng4 18. Rc1 Nxh2+ 19.
Kg1 Qf4 20. d5 Rac8 21. Rxc8 Rxc8 22. b5 Bxa3 23. Qd3 Bb4 24. b6 Bxe1 25. g3 Qa4 26. Qe2 Bc3 27. Qe3 axb6 28. d6 Bd4 29. Qd3 Qd7 0-1

[Event "Live Chess"]
[Site "Chess.com"]
[Date "2023.05.20"]
[Round "-"]
[White "RoaringKnights"]
[Black "M00nDr4g0n"]
[Result "1-0"]
[WhiteElo "918"]
[BlackElo "873"]
[TimeControl "300"]
[EndTime "9:14:17 PDT"]
[Termination "RoaringKnights won on time"]

1. d4 d6 2. Nf3 Nf6 3. Bf4 c6 4. e3 Qa5+ 5. c3 Bf5 6. Bd3 Bxd3 7. Qxd3 Nbd7 8. Nbd2 g6 9. Nb3 Qc7 10. Rc1 Bg7 11. c4 O-O 12. c5 dxc5 13. dxc5 Rad8 14. Bxc7 Rc8 15. Bg3 Nh5 16. Qxd7 Bxb2 17. Rc2 Ba3 18. Qxe7 b6 19. cxb6 Bxe7 20. bxa7 Ra8 21. Rxc6 Rxa7 22. Rc2 Bb4+ 23. Nfd2 Rd8 24. O-O Rad7 25. Rd1 Nf6 26. Bh4 Rd6 27. e4 Bxd2 28. Bxf6 Rxf6 29. Rcxd2 Re8 30. Rd8 Kf8 31. Rxe8+ Kxe8 32. e5 Re6 33. Re1 1-0

[Event "Live Chess"]
[Site "Chess.com"]
[Date "2023.05.20"]
[Round "-"]
[White "minenko-1958"]
[Black "zdanevych"]
[Result "0-1"]
[WhiteElo "1448"]
[BlackElo "1490"]
[TimeControl "300"]
[EndTime "9:14:23 PDT"]
[Termination "zdanevych won by resignation"]

1. e4 c5 2. Bc4 e6 3. Nc3 Nf6 4. d3 d5 5. exd5 exd5 6. Bb5+ Nc6 7. Bxc6+ bxc6 8. Bg5 Be7 9. Nf3 Bg4 10. h3 Bh5 11.
O-O O-O 12. Re1 h6 13. Bh4 Re8 14. g4 Bg6 15. Kg2 Qd6 16. Bg3 Qd7 17. Ne5 Qb7 18. b3 Bh7 19. Qf3 Bd6 20. Na4 Re6 21. Re2 Rae8 22.
Rae1 Qb4 23. c3 Qb7 24. h4 Qe7 25. Nxc6 Qd7 26. Ne5 Bxe5 27. Rxe5 Rxe5 28. Rxe5 Rxe5 29. Bxe5 Nxg4 30. Bg3 Nf6 31. Nxc5 Qb5 32. d4 Qa5 33. a4 Ne4 34. Nxe4 Bxe4 35. Qxe4 dxe4 36. b4 Qxa4 37. Bd6 Qc2 38. Bc5 a6 39. Kg3 Qxc3+ 40. Kg2 e3 41. fxe3 Qxe3 42. h5 Qg5+ 43. Kf3 Qxh5+ 44. Ke4 Qh1+ 45.
Ke5 f6+ 46. Ke6 Qc6+ 47. Kf5 Kf7 48. Kf4 Ke6 49. Ke3 g5 50. Kd3 f5 51. Ke3 Kd5 52.
Kd3 Qb5+ 53. Kc3 a5 54. bxa5 Qxa5+ 55. Bb4 Qc7+ 56. Bc5 f4 57. Kd3 g4 58. Bf8 h5 59. Bg7 h4 60. Be5 Qf7 61. Ke2 f3+ 62. Kf2 Ke4 63. Bb8 g3+ 64. Kf1 Ke3 65. Be5 Qb3 0-1